 Dungeon Sprint DCSS version 0.26-a0-683-g5206c1d7ac (webtiles) character file.

Game seed: 18405142908282306836

609 reriks the Cleaver (level 7, -10/94 HPs)
             Began as a Gnoll Berserker on Oct 22, 2020.
             Was a Priest of Trog.
             Mangled by a centaur warrior (13 damage)
             ... in the Dungeon (Sprint I: "Red Sonja").
             The game lasted 00:01:38 (478 turns).

reriks the Cleaver (Gnoll Berserker)                 Turns: 478, Time: 00:01:39

Health: -10/94     AC:  3    Str: 20    XL:     7   Next: 43%
Magic:  15/15      EV: 16    Int: 11    God:    Trog [***...]
Gold:   405        SH:  0    Dex: 14    Spells: 17/17 levels left

rFire    . . .     SeeInvis .   j - +0 scythe (protect)
rCold    . . .     Faith    .   (shield currently unavailable)
rNeg     . . .     Spirit   .   i - +0 leather armour
rPois    .         Reflect  .   (no helmet)
rElec    .         Harm     .   (no cloak)
rCorr    .         Rampage  .   (no gloves)
MR       .....     NoTele   +   (no boots)
Stlth    ..........             (no amulet)
HPRegen  0.25/turn              (no ring)
MPRegen  0.14/turn              (no ring)

@: berserking, quick
A: distributed training, fangs 1, strong nose
a: Berserk, Trog's Hand, Renounce Religion


You were in the Dungeon.
You worshipped Trog.
Trog was most pleased with you.
You visited 1 branch You collected 405 gold pieces.

Inventory:

Hand Weapons
 a - a +0 hand axe
 j - a +0 scythe of protection (weapon)
Armour
 b - a +0 animal skin
 i - a +0 leather armour (worn)
Scrolls
 h - a scroll of blinking
Potions
 c - a potion of curing
 d - a potion of heal wounds
 e - a potion of haste
 f - 2 potions of magic
 g - a potion of berserk rage
 k - a potion of degeneration {unknown}


   Skills:
 + Level 8.6 Fighting
 + Level 5.5 Short Blades
 + Level 5.5 Long Blades
 + Level 8.6 Axes
 + Level 5.5 Maces & Flails
 + Level 5.5 Polearms
 + Level 5.5 Staves
 + Level 5.5 Slings
 + Level 5.5 Bows
 + Level 5.5 Crossbows
 + Level 5.5 Throwing
 + Level 7.2 Armour
 + Level 7.2 Dodging
 + Level 5.5 Stealth
 + Level 5.5 Shields
 + Level 5.5 Unarmed Combat
 + Level 5.5 Spellcasting
 + Level 4.5 Conjurations
 + Level 4.5 Hexes
 + Level 4.5 Summonings
 + Level 4.5 Necromancy
 + Level 4.5 Translocations
 + Level 4.5 Transmutations
 + Level 4.5 Fire Magic
 + Level 4.5 Ice Magic
 + Level 4.5 Air Magic
 + Level 4.5 Earth Magic
 + Level 4.5 Poison Magic
 + Level 6.0 Invocations
 + Level 5.5 Evocations


You had 17 spell levels left.
You didn't know any spells.
Your spell library was empty.

Dungeon Overview and Level Annotations

Branches:
Dungeon (1/1)

Altars:
Cheibriados
Dithmenos
Elyvilon
Fedhas
Gozag
Hepliaklqana
Kikubaaqudgha
Makhleb
Nemelex Xobeh
Okawaru
Qazlal
Ru
Sif Muna
Trog
Uskayaw
Vehumet
Wu Jian
Xom
Yredelemnul
Zin
The Shining One
Jiyva
Lugonu

Shops:
D }


Innate Abilities, Weirdness & Mutations

Your experience applies equally to all skills.
You have very sharp teeth.
Your uncanny sense of smell can sniff out nearby items.


Message History

The centaur warrior shoots an arrow.
The arrow hits you!!
You hear a splash.
You see here 2 arrows.
You barely miss the centaur warrior.
The centaur warrior unwields a +0 shortbow.
The centaur warrior hits you!
The centaur warrior unwields a +0 shortbow.
The centaur warrior hits you.
* * * LOW HITPOINT WARNING * * *
The centaur warrior hits you.
* * * LOW HITPOINT WARNING * * *
The centaur warrior hits you.
* * * LOW HITPOINT WARNING * * *
A red film seems to cover your vision as you go berserk!
You feel yourself moving faster!
You feel mighty! The centaur warrior hits you!
* * * LOW HITPOINT WARNING * * *
The centaur warrior hits you.
* * * LOW HITPOINT WARNING * * *
The centaur warrior hits you!
You die...

####################
.#.))..#.['..#__#..+
∆∆
.'..#..'..#..'..'..#
.#####'#####'#__####
.####..#...#.####§§#
.#__####..##(#≈§§§§#∆∆
.#_____##'#§.'§§@c§+
⌠#_.∩...'..._#§§§c§#∆∆
##_..__##_.#'##+####
∆#_____###+#)#∆∆∆∆ ∆
####### ### ∆ ∆ ∆ ∆ ∆∆
∆∆ ∆ ∆ ∆ ∆ ∆ ∆


You could see 2 centaur warriors.

Vanquished Creatures
  A slime creature (D)
  Sigmund (D)
  A yak (D)
  An ogre (D)
  A jelly (D)
  Ijyb (D)
6 creatures vanquished.

Vanquished Creatures (others)
  2 hornets (D)
2 creatures vanquished.

Grand Total: 8 creatures vanquished

Notes
Turn   | Place    | Note
-------+----------+-------------------------------------------
     0 | D        | reriks the Gnoll Berserker began the quest for the Orb.
     0 | D        | Reached XP level 1. HP: 23/23 MP: 1/1
     1 | D        | Noticed Ijyb
    12 | D        | Killed Ijyb
    12 | D        | Reached skill level 1 in Short Blades
    12 | D        | Reached skill level 1 in Long Blades
    12 | D        | Reached skill level 1 in Maces & Flails
    12 | D        | Reached skill level 1 in Polearms
    12 | D        | Reached skill level 1 in Staves
    12 | D        | Reached skill level 1 in Slings
    12 | D        | Reached skill level 1 in Bows
    12 | D        | Reached skill level 1 in Crossbows
    12 | D        | Reached skill level 1 in Throwing
    12 | D        | Reached skill level 1 in Stealth
    12 | D        | Reached skill level 1 in Shields
    12 | D        | Reached skill level 1 in Unarmed Combat
    12 | D        | Reached skill level 1 in Spellcasting
    12 | D        | Reached skill level 1 in Conjurations
    12 | D        | Reached skill level 1 in Hexes
    12 | D        | Reached skill level 1 in Summonings
    12 | D        | Reached skill level 1 in Necromancy
    12 | D        | Reached skill level 1 in Translocations
    12 | D        | Reached skill level 1 in Transmutations
    12 | D        | Reached skill level 1 in Fire Magic
    12 | D        | Reached skill level 1 in Ice Magic
    12 | D        | Reached skill level 1 in Air Magic
    12 | D        | Reached skill level 1 in Earth Magic
    12 | D        | Reached skill level 1 in Poison Magic
    12 | D        | Reached skill level 1 in Evocations
    12 | D        | Reached XP level 2. HP: 29/29 MP: 1/4
    12 | D        | Reached XP level 3. HP: 35/35 MP: 1/5
    38 | D        | Noticed an ogre
    42 | D        | Killed an ogre
    42 | D        | Reached skill level 5 in Armour
    42 | D        | Reached skill level 5 in Dodging
    42 | D        | Reached XP level 4. HP: 43/43 MP: 4/8
    89 | D        | Noticed Sigmund
    93 | D        | Killed Sigmund
    93 | D        | Reached ** piety under Trog
    93 | D        | Reached XP level 5. HP: 49/49 MP: 8/11
    93 | D        | Reached XP level 6. HP: 56/56 MP: 8/12
   136 | D        | Found a shimmering blue altar of Sif Muna.
   137 | D        | Found an ornate altar of the Wu Jian Council.
   138 | D        | Found a radiant altar of Vehumet.
   247 | D        | Found Haleor's Gadget Emporium.
   247 | D        | Found an ancient bone altar of Kikubaaqudgha.
   247 | D        | Found a hazy altar of Hepliaklqana.
   247 | D        | Found a stormy altar of Qazlal.
   247 | D        | Found a hide-covered altar of Uskayaw.
   247 | D        | Found a blossoming altar of Fedhas.
   247 | D        | Found a bloodstained altar of Trog.
   247 | D        | Found an iron altar of Okawaru.
   247 | D        | Found a basalt altar of Yredelemnul.
   247 | D        | Found a glowing golden altar of the Shining One.
   247 | D        | Found a snail-covered altar of Cheibriados.
   247 | D        | Found a sacrificial altar of Ru.
   247 | D        | Found a glowing silver altar of Zin.
   247 | D        | Found a shadowy altar of Dithmenos.
   247 | D        | Found a white marble altar of Elyvilon.
   247 | D        | Noticed a yak
   252 | D        | Killed a yak
   252 | D        | Reached skill level 5 in Short Blades
   252 | D        | Reached skill level 5 in Long Blades
   252 | D        | Reached skill level 5 in Maces & Flails
   252 | D        | Reached skill level 5 in Polearms
   252 | D        | Reached skill level 5 in Staves
   252 | D        | Reached skill level 5 in Slings
   252 | D        | Reached skill level 5 in Bows
   252 | D        | Reached skill level 5 in Crossbows
   252 | D        | Reached skill level 5 in Throwing
   252 | D        | Reached skill level 5 in Stealth
   252 | D        | Reached skill level 5 in Shields
   252 | D        | Reached skill level 5 in Unarmed Combat
   252 | D        | Reached skill level 5 in Spellcasting
   252 | D        | Reached skill level 5 in Invocations
   252 | D        | Reached skill level 5 in Evocations
   252 | D        | Reached XP level 7. HP: 63/63 MP: 12/14
   253 | D        | Found an opulent altar of Gozag.
   254 | D        | Found a sparkling altar of Nemelex Xobeh.
   296 | D        | Found a burning altar of Makhleb.
   296 | D        | Found a viscous altar of Jiyva.
   296 | D        | Found a shimmering altar of Xom.
   296 | D        | Found a corrupted altar of Lugonu.
   296 | D        | Noticed a slime creature
   302 | D        | Killed a slime creature
   302 | D        | Reached *** piety under Trog
   437 | D        | Killed a hornet
   474 | D        | Noticed a centaur warrior
   475 | D        | Noticed a centaur warrior
   476 | D        | Killed a hornet
   478 | D        | HP: 3/94 [centaur warrior (3)]
   478 | D        | Mangled by a centaur warrior

Illustrated notes

Levels and vault maps discovered:
D:        dungeon_sprint_1 [red_sonja_temple_1, red_sonja_temple_small_1]

Skill      XL: |  1  2  3  4  5  6  7 |
---------------+----------------------+-----
Short Blades   | 1 3 4 5 |  5.5
Long Blades    | 1 3 4 5 |  5.5
Maces & Flails | 1 3 4 5 |  5.5
Polearms       | 1 3 4 5 |  5.5
Staves         | 1 3 4 5 |  5.5
Slings         | 1 3 4 5 |  5.5
Bows           | 1 3 4 5 |  5.5
Crossbows      | 1 3 4 5 |  5.5
Throwing       | 1 3 4 5 |  5.5
Stealth        | 1 3 4 5 |  5.5
Shields        | 1 3 4 5 |  5.5
Unarmed Combat | 1 3 4 5 |  5.5
Spellcasting   | 1 3 4 5 |  5.5
Conjurations   | 1 2 3 4 |  4.5
Hexes          | 1 2 3 4 |  4.5
Summonings     | 1 2 3 4 |  4.5
Necromancy     | 1 2 3 4 |  4.5
Translocations | 1 2 3 4 |  4.5
Transmutations | 1 2 3 4 |  4.5
Fire Magic     | 1 2 3 4 |  4.5
Ice Magic      | 1 2 3 4 |  4.5
Air Magic      | 1 2 3 4 |  4.5
Earth Magic    | 1 2 3 4 |  4.5
Poison Magic   | 1 2 3 4 |  4.5
Invocations    | 2 3 4 5 6 |  6.0
Evocations     | 1 3 4 5 |  5.5
Fighting       | 7 8 |  8.6
Axes           | 7 8 |  8.6
Armour         | 5 6 7 |  7.2
Dodging        | 5 6 7 |  7.2

Action                   |  1- 3 |  4- 6 |  7- 9 || total
-------------------------+-------+-------+-------++-------
Melee: Hand axe          |    11 |     2 |       ||    13
       Bite              |     2 |     2 |     1 ||     5
       Scythe            |       |     7 |     4 ||    11
Invok: Berserk           |     2 |     2 |     2 ||     6
Armor: Animal skin       |     3 |       |       ||     3
Dodge: Dodged            |     2 |     3 |     2 ||     7

Table legend: (Time is in decaauts)
 A = Elapsed time spent in this place.
 B = Non-inter-level travel time spent in this place.
 C = Inter-level travel time spent in this place.
 D = Time resting spent in this place.
 E = Time spent auto-exploring this place.
 F = Levels seen in this place.
 G = Mean time per level.
                   A        B        C        D        E       F      G
               +--------+--------+--------+--------+--------+-----+--------+
         Total |    536 |    536 |      0 |    349 |      0 |   1 |  536.0 |
       Dungeon |    536 |    536 |      0 |    349 |      0 |   1 |  536.0 |
               +--------+--------+--------+--------+--------+-----+--------+

Top non-repeatable levels by time:
       D: 536 daAuts
